 Dungeon Crawl Stone Soup version 0.22-a0-284-g99d1f74 (webtiles) character file.

19 patman the Cutter (level 2, -1/19 HPs)
             Began as a Kobold Monk on Mar 21, 2018.
             Slain by a hobgoblin
             ... wielding a +0 hand axe
              (9 damage)
             ... on level 1 of the Dungeon.
             The game lasted 00:03:35 (1205 turns).

patman the Cutter (Kobold Monk)                     Turns: 1205, Time: 00:03:36

Health: -1/19      AC:  2    Str:  8    XL:     2   Next: 95%
Magic:  2/2        EV: 17    Int: 11    God:
Gold:   58         SH:  0    Dex: 17    Spells: 1/1 levels left

rFire    . . .     SeeInvis .   a - +0 short sword
rCold    . . .     Gourm    .   (shield restricted)
rNeg     . . .     Faith    .   b - +0 robe
rPois    .         Spirit   .   (no helmet)
rElec    .         Reflect  .   (no cloak)
rCorr    .         Harm     .   (no gloves)
MR       .....                  (no boots)
Stlth    ++........             (no amulet)
HPRegen  0.06/turn              (no ring)
MPRegen  0.08/turn              (no ring)

@: no status effects
A: small, carnivore
a: no special abilities


You were on level 1 of the Dungeon.
You were very full.

You visited 1 branch of the dungeon, and saw 1 of its levels.

You collected 58 gold pieces.

Inventory:

Hand Weapons
 a - a +0 short sword (weapon)
Missiles
 d - 2 throwing nets
 e - 62 stones (quivered)
Armour
 b - a +0 robe (worn)
Scrolls
 f - a scroll of remove curse {unknown}
 h - a scroll of magic mapping {unknown}
Potions
 g - a potion of brilliance {unknown}
Comestibles
 c - 2 rations


   Skills:
 - Level 3.2 Fighting
 + Level 4.6 Short Blades
 * Level 4.3 Dodging
 - Level 2.6 Stealth


You had one spell level left.
You didn't know any spells.

Dungeon Overview and Level Annotations

Branches:
Dungeon (1/15)

Altars:


Innate Abilities, Weirdness & Mutations

You are small and have problems with some larger weapons.
You are carnivorous and can eat meat at any time.


Message History

The hobgoblin is lightly wounded.
The hobgoblin hits you with a hand axe.
You hit the hobgoblin but do no damage.
The hobgoblin is lightly wounded.
The hobgoblin hits you with a hand axe.
You closely miss the hobgoblin.
The hobgoblin is lightly wounded.
The hobgoblin hits you with a hand axe.
You hit the hobgoblin but do no damage.
The hobgoblin is lightly wounded.
The hobgoblin closely misses you.
You closely miss the hobgoblin.
The hobgoblin is lightly wounded.
You closely miss the hobgoblin.
The hobgoblin is lightly wounded.
The hobgoblin barely misses you.
You hit the hobgoblin but do no damage.
The hobgoblin is lightly wounded.
The hobgoblin hits you with a hand axe!
You die...

.........##..........##....# #
.#.#.#.#.##.#..##.#..####..#####
.................#..# #..#....
#.#.#.#.##..........# #..#.... #
#.#.#.##.....####.####..#.... #
#.#.##................'....
#.#..#...#.#....####..#....
#..#.....'....).##..#....
#.#..#...#@#....#.##..#....
.#.#..#...#g#....#.....#####
..........#r####......######
.###.#.....K.....#.#......).
..........#.#...............
#####.#......#......##....###
.###.#.........#.#.##.####
............#..#...##.#
#.##.........#..#.## #.#


You could see a hobgoblin, a kobold and a rat.

Vanquished Creatures
  An ooze (D:1)
  A bat (D:1)
  2 giant cockroaches (D:1)
  6 hobgoblins (D:1)
  2 kobolds (D:1)
12 creatures vanquished.

Notes
Turn   | Place    | Note
-------+----------+-------------------------------------------
     0 | D:1      | patman the Kobold Monk began the quest for the Orb.
     0 | D:1      | Reached XP level 1. HP: 14/14 MP: 1/1
   290 | D:1      | Reached XP level 2. HP: 19/19 MP: 2/2
  1205 | D:1      | Slain by a hobgoblin

Vault maps used:
D:1:      kennysheep_arrival_forest, glass_columns_c

Skill      XL: |  1  2 |
---------------+-------+-----
Dodging        | 4 |  4.3
Fighting       | |  3.2
Short Blades   | |  4.6
Stealth        | |  2.6

Action                   || total
-------------------------++-------
Melee: Short sword       ||    92
Throw: Stone             ||     8
 Stab: Sleeping          ||     2
  Eat: Chunk             ||     8
Armor: Robe              ||     9
Dodge: Dodged            ||    65

Table legend:
 A = Spawn XP
 B = Non-spawn XP
 C = Spawn XP percentage of total XP
 D = Spawn monster count
 E = Non-spawn monster count
 F = Spawn count percentage of total count
 G = Total turns spent on level
                    A         B        C        D         E        F      G
               +---------+---------+-------+---------+---------+-------+---------
         Total |       0 |      28 |   0.0 |       0 |      12 |   0.0 |  1205
               +---------+---------+-------+---------+---------+-------+---------
           D:1 |       0 |      28 |   0.0 |       0 |      12 |   0.0 |  1205
               +---------+---------+-------+---------+---------+-------+---------
